 Dungeon Crawl Stone Soup version 0.31-a0-1002-g8e65716e6e (webtiles) character file.

Game seed: 5286521483601590124

13076 Armakuni the Cruncher (level 12, -4/91 HPs)
             Began as a Human Wanderer on Nov 9, 2023.
             Was a Follower of Qazlal.
             Slain by a deep elf knight
             ... wielding a +0 long sword
              (17 damage)
             ... on level 9 of the Dungeon.
             The game lasted 00:33:06 (8790 turns).

Armakuni the Cruncher (Human Wanderer)              Turns: 8790, Time: 00:33:07

Health: -4/91      AC:  8    Str:  9    XL:     12   Next: 28%
Magic:  17/19      EV: 22    Int: 20    God:    Qazlal [*.....]
Gold:   476        SH:  2    Dex: 15    Spells: 15/15 levels left

rFire   . . .        a - +3 great mace (heavy)
rCold   . . .        (shield currently unavailable)
rNeg    . . .        g - +0 leather armour
rPois   +            h - +0 helmet
rElec   .            (no cloak)
rCorr   .            C - +0 pair of gloves
SInv    .            w - +0 pair of boots of Fedhas's Condemnation {Rampage rPois Str-4 Int+5}
Will    .....        R - amulet of regeneration Stlth
                     L - ring of flight
HPRegen 1.15/turn    E - ring of the Hare {EV+10}
MPRegen 0.16/turn

%: rampage
@: silenced, flying, studying Armour
A: no striking features
a: Renounce Religion


You were on level 9 of the Dungeon.
You worshipped Qazlal.
Qazlal was aware of your devotion.
You visited 2 branches of the dungeon, and saw 10 of its levels.
You also visited: Bailey.

You collected 476 gold pieces.

Inventory:

Hand Weapons
 a - a +3 heavy great mace (weapon)
 b - the +4 sling "Waboivvoot" {drain, Int+4}
   (You found it on level 9 of the Dungeon)

   Int+4:     It affects your intelligence (+4).
 x - a +2 quarterstaff
 B - a +0 flail of holy wrath
Armour
 g - a +0 leather armour (worn)
 h - a +0 helmet (worn)
 n - an orb of light
 r - the -2 pair of gloves "Tybuzxodiu" {+Blink}
   (You found it on level 8 of the Dungeon)

   +Blink:    It lets you blink.
 w - the +0 pair of boots of Fedhas's Condemnation (worn) {Rampage rPois Str-4 Int+5}
   (You found it on level 7 of the Dungeon)

   Str-4:     It affects your strength (-4).
   Int+5:     It affects your intelligence (+5).
   rPois:     It protects you from poison Rampage: It bestows one free step when
   moving towards enemies.
 C - a +0 pair of gloves (worn)
Magical Staves
 s - a staff of cold
Jewellery
 v - a +6 ring of intelligence
 y - a ring of protection from fire
 A - an amulet of the acrobat
 E - the ring of the Hare (right hand) {EV+10}
   (You found it in a bailey)

   [ring of evasion]

   EV+10:     It affects your evasion (+10).
 L - a ring of flight (left hand)
 R - an amulet of regeneration (around neck)
Wands
 j - a wand of light (2)
 l - a wand of digging (6)
Scrolls
 d - 2 scrolls of vulnerability
 i - 4 scrolls of fear
 k - a scroll of enchant armour
 p - 4 scrolls of noise
 D - a scroll of identify
Potions
 c - a potion of mutation {unknown}
 e - a potion of haste {unknown}
 m - 2 potions of brilliance {unknown}
 o - 2 potions of heal wounds {unknown}
 q - a potion of lignification {unknown}
 z - a potion of might
Miscellaneous
 t - a tin of tremorstones (inert)


   Skills:
 - Level 7.3 Fighting
 + Level 13.8 Staves
 - Level 9.3 Armour
 - Level 3.0 Dodging
 - Level 2.0 Spellcasting
 - Level 1.0 Summonings
 - Level 10.0 Invocations


You had 15 spell levels left.
You didn't know any spells.
Your spell library contained the following spells:

 Spells                   Type           Power      Damage    Failure   Level
 Summon Small Mammal      Summ           24%        N/A       13%         1
 Sublimation of Blood     Necr           2%         N/A       30%         2
 Wereblood                Tmut           2%         N/A       30%         2
 Call Canine Familiar     Summ           6%         N/A       36%         3
 Dazzling Flash           Conj/Hex       4%         N/A       52%         3
 Gell's Gravitas          Tloc           2%         N/A       52%         3
 Inner Flame              Hex/Fire       2%         N/A       52%         3
 Ozocubu's Armour         Ice            2%         N/A       52%         3
 Teleport Other           Tloc           2%         N/A       52%         3
 Volatile Blastmotes      Fire/Tloc      4%         2d10      52%         3
 Metabolic Englaciation   Hex/Ice        1%         N/A       99%         5
 Yara's Violent Unravell  Hex/Tmut       1%         3d3       99%         5
 Dispersal                Tloc           1%         N/A       100%        6
 Simulacrum               Ice/Necr       1%         N/A       100%        6
 Starburst                Conj/Fire      1%         6d3       100%        6
 Enfeeble                 Hex            1%         N/A       100%        7
 Summon Hydra             Summ           3%         N/A       100%        7
 Maxwell's Capacitive Co  Air            1%         ∞         100%        8


Dungeon Overview and Level Annotations

Branches:
Dungeon (9/15)             Temple (1/1) D:5          Bailey (visited)
   Lair: D:8-11         Orc: D:9-12

Altars:
Cheibriados
Dithmenos
Elyvilon
Fedhas
Gozag
Hepliaklqana
Kikubaaqudgha
Makhleb
Nemelex Xobeh
Okawaru
Qazlal
Ru
Trog
Uskayaw
Wu Jian
Xom
Zin
The Shining One

Shops:
D:3 =   D:4 [   D:8 (   D:9 =


Message History

You kill the howler monkey!
Qazlal accepts your kill.
The deep elf knight casts a spell at you.
The lance of force hits you!!
You are knocked back by the lance of force.
Aiming: Bolt of Light
Press: ? - help, Shift-Dir - straight line, f/p - deep elf knight
Aim: a deep elf knight, wielding a +0 long sword and wearing a +0 leather armour (heavily wounded, fast, blind, 46% to hit)
The bolt of light hits the deep elf knight!
The deep elf knight is severely wounded.
You barely miss the deep elf knight.
The deep elf knight is severely wounded.
The deep elf knight hits you with a +0 long sword!
The deep elf knight casts a spell.
The deep elf knight flickers and vanishes!
Deactivating autopickup; reactivate with Ctrl-A.
Something hits you!
* * * LOW HITPOINT WARNING * * *
Okay, then.
Okay, then.
Unknown command.
Okay, then.
As you read the scroll of silence, it crumbles to dust.
A profound silence engulfs you. Something hits you!
* * * LOW HITPOINT WARNING * * *
Something closely misses you.
You feel better. Something closely misses you.
Aiming: Bolt of Light
Press: ? - help, Shift-Dir - straight line Something hits you.
* * * LOW HITPOINT WARNING * * *
Something barely misses you.
Aiming: Bolt of Light
Press: ? - help, Shift-Dir - straight line Something hits you.
* * * LOW HITPOINT WARNING * * *
Aiming: Bolt of Light
Press: ? - help, Shift-Dir - straight line The bolt of light hits something!
Something hits you!
You die...

.......#.#...e>..#
##.#####.#.#####.#
.....†...#.# #†#
######...#.# #.#
###...# #.# ###.#
#[# #.# #.# #.#
#{# #.# #@#
#.#####.#
#......)#
#########


There were no monsters in sight!

Vanquished Creatures
  A two-headed ogre (D:9)
  A tengu warrior (D:9)
  An orc knight (Bailey)
  A troll (D:9)
  Sigmund (D:3)
  3 wyverns
  A yak (D:9)
  Grum (D:8)
  Menkaure (D:4)
  A steam dragon (D:7)
  A water moccasin (D:8)
  8 orc warriors
  3 ice beasts (D:5)
  A sky beast (D:7)
  A black bear (D:7)
  3 ogres
  4 wolves (D:8)
  4 centaurs
  2 phantoms
  4 kobold brigands
  3 scorpions
  7 bullfrogs
  7 wights
  4 howler monkeys
  A hound (D:6)
  5 orc priests
  A gnoll bouda (D:8)
  4 iguanas
  Ijyb (D:3)
  2 sleepcaps
  2 orc wizards
  Robin (D:3)
  9 gnolls
  4 adders
  2 shadow imps
  A white imp (D:6)
  6 worms
  2 dart slugs
  34 orcs
  9 endoplasms
  5 giant cockroaches
  14 goblins
  10 hobgoblins
  14 jackals
  3 quokkas
  4 ball pythons (D:1)
  6 bats
  A frilled lizard (D:2)
  19 kobolds
  7 rats
231 creatures vanquished.

Vanquished Creatures (collateral kills)
  An orc warrior (Bailey)
  A scorpion (D:5)
  An orc wizard (D:7)
3 creatures vanquished.

Vanquished Creatures (others)
  An orc warrior (Bailey)
  A centaur (D:9)
  A scorpion (D:5)
  An orc priest (D:4)
  An iguana (D:7)
  A bat (D:3)
6 creatures vanquished.

Grand Total: 240 creatures vanquished

Notes
Turn   | Place    | Note
-------+----------+-------------------------------------------
     0 | D:1      | Armakuni the Human Wanderer began the quest for the Orb.
     0 | D:1      | Armakuni set off with the following items: a +2
                  | quarterstaff, a +0 pair of gloves, a scroll of
                  | vulnerability, a +0 robe; and the following spell
                  | memorised: Summon Small Mammal; and the following spells
                  | available to memorise: Call Canine Familiar.
     0 | D:1      | Reached XP level 1. HP: 15/15 MP: 3/3
   165 | D:1      | Reached XP level 2. HP: 21/21 MP: 5/5
   300 | D:1      | Reached skill level 4 in Staves
   300 | D:1      | Reached XP level 3. HP: 26/26 MP: 6/6
   316 | D:1      | Found a faded altar of an unknown god.
   335 | D:1      | Prayed at the altar of an unknown god.
   335 | D:1      | Became a worshipper of Qazlal Stormbringer
   335 | D:1      | Reached * piety under Qazlal
   824 | D:2      | Found a snail-covered altar of Cheibriados.
   847 | D:2      | Reached XP level 4. HP: 26/32 MP: 7/7
  1158 | D:2      | Reached ** piety under Qazlal
  1190 | D:2      | Reached skill level 5 in Staves
  1622 | D:1      | Reached skill level 1 in Invocations
  1622 | D:1      | Reached XP level 5. HP: 23/37 MP: 8/8
  1923 | D:3      | Noticed Sigmund
  1931 | D:3      | Killed Sigmund
  1932 | D:3      | Reached skill level 5 in Invocations
  1932 | D:3      | Reached XP level 6. HP: 43/43 MP: 5/9
  1936 | D:3      | Noticed Robin
  1957 | D:3      | Killed Robin
  2191 | D:3      | Noticed Ijyb
  2208 | D:3      | HP: 2/43 [Ijyb/puff of flame (11)]
  2209 | D:3      | Killed Ijyb
  2210 | D:3      | Reached XP level 7. HP: 2/48 MP: 3/10
  2548 | D:3      | Found a shadowy altar of Dithmenos.
  2562 | D:3      | Found Sariak's Jewellery Shoppe.
  2739 | D:4      | Found Kabiwara's Armour Emporium.
  2749 | D:4      | Reached skill level 6 in Staves
  3194 | D:4      | Noticed Menkaure
  3196 | D:4      | Killed Menkaure
  3197 | D:4      | Reached skill level 7 in Staves
  3614 | D:4      | Reached XP level 8. HP: 47/54 MP: 11/11
  3841 | D:4      | Found a stormy altar of Qazlal.
  4130 | D:5      | Entered Level 5 of the Dungeon
  4262 | D:5      | Reached skill level 8 in Staves
  4808 | D:5      | Reached XP level 9. HP: 52/59 MP: 14/14
  5038 | D:5      | Found a staircase to the Ecumenical Temple.
  5047 | Temple   | Entered the Ecumenical Temple
  5411 | D:6      | Reached skill level 9 in Staves
  5872 | D:6      | Found a sparkling altar of Nemelex Xobeh.
  6116 | D:7      | Identified the +0 pair of boots of Fedhas's Condemnation
                  | {Rampage rPois Str-4 Int+5}
  6290 | D:7      | Reached skill level 10 in Staves
  6592 | D:7      | Found a hazy altar of Hepliaklqana.
  6626 | D:7      | Found an ornate altar of the Wu Jian Council.
  6948 | D:8      | Reached XP level 10. HP: 49/65 MP: 15/17
  7074 | D:8      | Identified the -2 pair of gloves "Tybuzxodiu" {+Blink}
  7202 | D:8      | Found a flagged portal.
  7243 | Bailey   | Entered a bailey
  7308 | Bailey   | Reached skill level 10 in Invocations
  7447 | Bailey   | Reached skill level 11 in Staves
  7562 | Bailey   | Found the ring of the Hare {EV+10}
  7571 | Bailey   | Noticed an orc knight
  7611 | Bailey   | Killed an orc knight
  7780 | D:8      | Reached skill level 12 in Staves
  7796 | D:8      | Reached skill level 1 in Armour
  7839 | D:8      | Found Zijoito's Weapon Boutique.
  7966 | D:8      | Noticed Grum
  7972 | D:8      | Killed Grum
  8206 | D:9      | Found Vuumubah's Jewellery Boutique.
  8227 | D:9      | Noticed a two-headed ogre
  8438 | D:9      | Reached skill level 5 in Armour
  8438 | D:9      | Reached XP level 11. HP: 55/76 MP: 18/18
  8525 | D:9      | Identified the +4 sling "Waboivvoot" {drain, Int+4}
  8526 | D:9      | Noticed a deep elf knight
  8601 | D:9      | Noticed a two-headed ogre
  8606 | D:9      | Reached skill level 13 in Staves
  8606 | D:9      | Reached XP level 12. HP: 91/91 MP: 19/19
  8616 | D:9      | Killed a two-headed ogre
  8749 | D:9      | Identified the +5 great sword of Iden {heavy, Will+ Int+3
                  | Stlth+}
  8749 | D:9      | Noticed a tengu warrior
  8768 | D:9      | Killed a tengu warrior
  8790 | D:9      | Slain by a deep elf knight

Illustrated notes

Levels and vault maps discovered:
D:1:      elethiomel_arrival_fortress_basement, layout_basic,
          hellmonk_ecumenical_altar_dog_temple
D:2:      layout_loops_cross, basic_altar
D:3:      layout_loops_cross, grunt_dithmenos_smoke, serial_shops, shop,
          nicolae_elevator_lobby_plus, uniq_ijyb, uniq_robin, uniq_sigmund
D:4:      layout_basic, grunt_qazlal_clouds, serial_forest,
          infiniplex_forest_split, infiniplex_forest_straight_2,
          infiniplex_forest_clump_small, infiniplex_forest_zigzag_1,
          serial_shops, shop, uniq_menkaure
D:5:      layout_basic, temple_hall
D:6:      layout_cave_pods, nemelex_dance_club_becter
D:7:      layout_gridville, nzn_wu_jian_contemplation,
          mainiacjoe_overflow_surrounded_room
D:8:      layout_cave_pools, serial_shops, nicolae_shop_real_fake_doors,
          enter_bailey_2, kennysheep_generic_room_4, uniq_grum
D:9:      minmay_the_grid_4x2 [minmay_the_grid_box_x, minmay_the_grid_eight,
          minmay_the_grid_minigrid_small_alt, minmay_the_grid_zigzag_pyramid,
          minmay_the_grid_square_x, minmay_the_grid_tiny_cups,
          minmay_the_grid_odd_star, minmay_the_grid_prize_diamond_cup],
          layout_basic, serial_shops, nicolae_diamond_shop
Temple:   nicolae_temple_bog_church

Skill      XL: |  1  2  3  4  5  6  7  8  9 10 11 |
---------------+----------------------------------+-----
Staves         | 4 5 7 8 10 12 13 | 13.8
Invocations    | 1 5 7 9 10 | 10.0
Armour         | 5 9 |  9.3
Fighting       | 3 7 |  7.3
Dodging        | |  3.0
Spellcasting   | |  2.0
Summonings     | |  1.0

Action                     |  1- 3 |  4- 6 |  7- 9 | 10-12 || total
---------------------------+-------+-------+-------+-------++-------
  Melee: Quarterstaff      |    75 |   117 |   342 |   344 ||   878
         Great mace        |       |       |       |    13 ||    13
   Fire: Sling             |       |       |       |     1 ||     1
 Invoke: Upheaval          |       |     5 |     6 |    11 ||    22
  Evoke: Wand              |       |       |    23 |    23 ||    46
         Tin of tremorston |       |       |       |     2 ||     2
    Use: Scroll            |     1 |     4 |     3 |     8 ||    16
         Potion            |       |     1 |     1 |     3 ||     5
   Stab: Invisible         |       |       |       |     3 ||     3
 Armour: Robe              |    25 |    56 |     5 |       ||    86
         Leather armour    |       |       |   180 |   171 ||   351
  Dodge: Dodged            |    67 |   110 |   195 |   244 ||   616
  Block: Other             |     3 |    10 |    32 |    30 ||    75

Table legend: (Time is in decaauts)
 A = Elapsed time spent in this place.
 B = Non-inter-level travel time spent in this place.
 C = Inter-level travel time spent in this place.
 D = Time resting spent in this place.
 E = Time spent auto-exploring this place.
 F = Levels seen in this place.
 G = Mean time per level.
                   A        B        C        D        E       F      G
               +--------+--------+--------+--------+--------+-----+--------+
         Total |   8680 |   8283 |    397 |    473 |   5266 |  11 |  789.1 |
       Dungeon |   8183 |   7786 |    397 |    414 |   5132 |   9 |  909.2 |
        Temple |      1 |      1 |      0 |      0 |      0 |   1 |    1.0 |
        Bailey |    494 |    494 |      0 |     59 |    134 |   1 |  494.0 |
               +--------+--------+--------+--------+--------+-----+--------+

Top non-repeatable levels by time:
     D:4: 1349 daAuts
     D:3: 1016 daAuts
     D:1: 978 daAuts
     D:7: 956 daAuts
     D:5: 943 daAuts
     D:6: 870 daAuts
     D:2: 797 daAuts
     D:8: 720 daAuts
     D:9: 550 daAuts
  Bailey: 494 daAuts
  Temple: 1 daAuts
